 Dungeon Crawl Stone Soup version 0.20-a0-903-g7e3609c (webtiles) character file.

26 Hook the Poker (level 2, 0/23 HPs)
             Began as a Demonspawn Gladiator on Mar 21, 2017.
             Slain by a frilled lizard (2 damage)
             ... on level 1 of the Dungeon.
             The game lasted 00:02:18 (899 turns).

Hook the Poker (Demonspawn Gladiator)                Turns: 899, Time: 00:02:19

Health: 0/23       AC:  4    Str: 14    XL:     2   Next: 89%
Magic:  2/2        EV: 15    Int:  9    God:
Gold:   61         SH:  0    Dex: 14    Spells: 1/1 levels left

rFire    . . .     SeeInvis .   a - +0 trident
rCold    . . .     Gourm    .   b - +0 leather armour
rNeg     . . .     Faith    .   (no shield)
rPois    .         Spirit   .   c - +0 helmet
rElec    .         Reflect  .   (no cloak)
rCorr    .         Harm     .   (no gloves)
MR       .....                  (no boots)
Stlth    +.........             j - amulet of rage
Regen    0.1/turn               (no ring)
MPRegen  0.1/turn               (no ring)

@: no status effects
A: repulsion field 1
a: Evoke Berserk Rage


You were on level 1 of the Dungeon.
You were not hungry.

You visited 1 branch of the dungeon, and saw 2 of its levels.

You collected 61 gold pieces.

Inventory:

Hand Weapons
 a - a +0 trident (weapon)
Armour
 b - a +0 leather armour (worn)
 c - a +0 helmet (worn)
Jewellery
 j - an amulet of rage (around neck)
Scrolls
 e - a scroll of identify
Potions
 i - a potion of curing {unknown}
Comestibles
 f - a bread ration
 g - a meat ration


   Skills:
 * Level 2.8 Fighting
 + Level 3.0 Polearms
 - Level 1.7 Throwing
 + Level 2.9 Dodging


You had one spell level left.
You didn't know any spells.

Dungeon Overview and Level Annotations

Branches:
Dungeon (2/15)

Altars:

Annotations:
D:2 Sigmund


Innate Abilities, Weirdness & Mutations

You are surrounded by a mild repulsion field. (EV +2)


Message History

The giant cockroach bites you but does no damage.
Sigmund points at you and mumbles some strange words.
The puff of flame hits you!
* * * LOW HITPOINT WARNING * * *
Sigmund struggles against the net.
The goblin hits you with a club.
* * * LOW HITPOINT WARNING * * *
The frilled lizard bites you.
* * * LOW HITPOINT WARNING * * *
The giant cockroach bites you but does no damage.
The giant cockroach misses you.
Sigmund struggles against the net.
There is a stone staircase leading up here.
The giant cockroach misses you. The goblin misses you.
The frilled lizard closely misses you.
Sigmund struggles against the net.
You climb upwards.
There is a stone staircase leading down here.
You hit the giant cockroach.
The giant cockroach is almost dead.
The giant cockroach bites you but does no damage.
The goblin hits you but does no damage. The frilled lizard bites you.
You die...

###.### ##.#### #.....# #.....###
##########.....# #........
########........#.....# #......##
................#.....# #........
......................# ##.#+####
..........###.........####.#.....
..........# #...l................
######....# #...@................
#....# #..s.g....###.....###
#....# #.........# #^.......
#....###.........# #.....###
###................# #........
#..................# ##.##....
#..................# ##.##....
#......##...######## #.....###
#......##...##.....# #.......#


You could see a giant cockroach, a goblin and a frilled lizard.

Vanquished Creatures
  An ooze (D:1)
  A leopard gecko (D:1)
  2 bats (D:1)
  2 giant cockroaches (D:1)
  2 goblins (D:1)
  4 hobgoblins (D:1)
  4 kobolds (D:1)
  A ball python (D:1)
  2 frilled lizards (D:1)
  A rat (D:1)
20 creatures vanquished.

Notes
Turn   | Place    | Note
-------+----------+-------------------------------------------
     0 | D:1      | Hook the Demonspawn Gladiator began the quest for the Orb.
     0 | D:1      | Reached XP level 1. HP: 16/16 MP: 1/1
   127 | D:1      | Gained mutation: You are surrounded by a mild repulsion field. (EV +2) [demonic ancestry]
   127 | D:1      | Reached XP level 2. HP: 3/23 MP: 2/2
   129 | D:1      | HP: 1/23 [giant cockroach (2)]
   575 | D:1      | Reached skill level 3 in Polearms
   869 | D:2      | Noticed Sigmund
   895 | D:2      | HP: 1/23 [frilled lizard (1)]
   899 | D:1      | Slain by a frilled lizard

Vault maps used:
D:1:      dpeg_arrival_court
D:2:      fedhas_altar_3, nicolae_overflow_crystal_walls,
          amethyst_overflow_temple_binary, minmay_misc_feat_iff,
          uniq_crazy_yiuf_cottage, uniq_terence, uniq_natasha, uniq_robin,
          uniq_sigmund

Skill      XL: |  1  2 |
---------------+-------+-----
Polearms       | 3 |  3.0
Fighting       | |  2.8
Throwing       | |  1.7
Dodging        | |  2.9

Action                   || total
-------------------------++-------
Melee: Trident           ||    98
Throw: Throwing net      ||     3
  Use: Scroll            ||     2
 Stab: Sleeping          ||     1
Armor: Leather armour    ||    61
Dodge: Dodged            ||   139
